 Dungeon Crawl Stone Soup version 0.31-a0-667-g39726597b9 (webtiles) character file.

Game seed: 18224435555350930116

132 MacCMillion the Shooter (level 5, -2/38 HPs)
             Began as a Human Hunter on Sept 4, 2023.
             Slain by a gnoll
             ... wielding a +0 spear
              (7 damage)
             ... on level 4 of the Dungeon.
             The game lasted 00:04:37 (2484 turns).

MacCMillion the Shooter (Human Hunter)              Turns: 2484, Time: 00:04:38

Health: -2/38      AC:  3    Str: 11    XL:     5   Next: 38%
Magic:  5/5        EV: 12    Int:  9    God:
Gold:   181        SH:  0    Dex: 19    Spells: 4/4 levels left

rFire   . . .        a - +0 shortbow
rCold   . . .        (shield currently unavailable)
rNeg    . . .        c - +0 leather armour
rPois   .            (no helmet)
rElec   .            (no cloak)
rCorr   .            (no gloves)
SInv    .            (no boots)
Will    .....        (no amulet)
Stlth   ++           (no ring)
HPRegen 0.26/turn    (no ring)
MPRegen 0.09/turn

%: no passive effects
@: no status effects
A: no striking features
a: no special abilities


You were on level 4 of the Dungeon.
You visited 1 branch of the dungeon, and saw 4 of its levels.

You collected 181 gold pieces.

Inventory:

Hand Weapons
 a - a +0 shortbow (weapon)
 v - a +0 dagger
Armour
 c - a +0 leather armour (worn)
 n - an orb of light
Jewellery
 g - a ring of ice
 k - a ring of flight
Talismans
 t - a beast talisman
Scrolls
 b - a scroll of butterflies
 d - a scroll of fog {unknown}
 e - a scroll of blinking {unknown}
 i - a scroll of enchant weapon {unknown}
 j - 4 scrolls of identify
 m - a scroll of vulnerability {unknown}
 q - 2 scrolls of teleportation {unknown}
 s - 2 scrolls of amnesia {unknown}
 w - a scroll of torment {unknown}
Potions
 f - a potion of heal wounds
 h - a potion of lignification
 l - a potion of degeneration {unknown}
 o - a potion of haste {unknown}
 p - 2 potions of curing
 r - 3 potions of attraction {unknown}
 u - a potion of brilliance {unknown}


   Skills:
 - Level 2.0 Fighting
 + Level 5.6 Ranged Weapons
 - Level 2.0 Dodging
 - Level 3.0 Stealth


You had 4 spell levels left.
You didn't know any spells.
Your spell library was empty.

Dungeon Overview and Level Annotations

Branches:
Dungeon (4/15)
 Temple: D:4-7

Altars:
Makhleb
Nemelex Xobeh
Qazlal

Annotations:
D:4 Edmund


Message History

The gnoll is moderately wounded.
You shoot an arrow. The arrow closely misses the gnoll.
You shoot an arrow. The arrow closely misses the gnoll.
A gnoll comes into view. It is wielding a +0 spear.
You shoot an arrow. The gnoll shouts!
The arrow hits the gnoll but does no damage.
The gnoll is moderately wounded.
The gnoll barely misses you. The gnoll attacks as it pursues you!
The gnoll hits you with a +0 flail! The gnoll attacks as it pursues you!
The gnoll closely misses you. The gnoll attacks as it pursues you!
The gnoll barely misses you.
You shoot an arrow. The arrow hits the gnoll.
The gnoll is heavily wounded.
The gnoll hits you but does no damage.
You shoot an arrow. The arrow completely misses the gnoll.
The arrow hits the gnoll.
The gnoll is lightly wounded.
The gnoll completely misses you.
You shoot an arrow. The arrow hits the gnoll.
The gnoll is heavily wounded.
The gnoll hits you with a +0 flail. The gnoll closely misses you.
You shoot an arrow. The arrow hits the gnoll.
The gnoll is heavily wounded.
The gnoll hits you with a +0 flail! The gnoll misses you.
You shoot an arrow.
The arrow hits the gnoll but does no damage.
The gnoll is heavily wounded.
The gnoll barely misses you. The gnoll hits you with a +0 flail.
The gnoll hits you with a +0 whip.
* * * LOW HITPOINT WARNING * * *
You are too injured to fight recklessly!
You are too injured to fight recklessly!
Unknown command.
You shoot an arrow. The arrow hits the gnoll.
The gnoll is heavily wounded.
The gnoll hits you with a +0 flail!
* * * LOW HITPOINT WARNING * * *
The gnoll hits you from afar with a +0 spear!
You die...

###...##..###..##...........
#......'....................
#......##..#..............##
#.......#..####...>#.....##
+.......#...###....#......#.
#.......#...................
#......##...................
#......'....####.....#....##
###...###.g@g.####......###
#+#.# ##..g...####..### ###
##g......##### #####.......#
##........(### +........###
##..g...####..
#.>............
##+######.........#..


You could see 4 gnolls.

Vanquished Creatures
  An orc wizard (D:3)
  6 adders
  3 dart slugs
  2 orcs (D:3)
  4 endoplasms
  3 giant cockroaches
  5 hobgoblins
  3 jackals (D:1)
  2 quokkas (D:3)
  2 ball pythons
  4 bats
  A frilled lizard (D:2)
  A goblin (D:3)
  3 kobolds
  8 rats
48 creatures vanquished.

Notes
Turn   | Place    | Note
-------+----------+-------------------------------------------
     0 | D:1      | MacCMillion the Human Hunter began the quest for the Orb.
     0 | D:1      | Reached XP level 1. HP: 16/16 MP: 1/1
   180 | D:1      | Reached XP level 2. HP: 22/22 MP: 2/2
   668 | D:2      | Reached XP level 3. HP: 27/27 MP: 3/3
  1021 | D:2      | Reached XP level 4. HP: 33/33 MP: 4/4
  1608 | D:3      | Reached skill level 5 in Ranged Weapons
  1997 | D:3      | Reached XP level 5. HP: 38/38 MP: 5/5
  2127 | D:3      | Found a burning altar of Makhleb.
  2182 | D:3      | Found a sparkling altar of Nemelex Xobeh.
  2296 | D:4      | Noticed Edmund
  2367 | D:4      | Found a stormy altar of Qazlal.
  2484 | D:4      | Slain by a gnoll

Illustrated notes

Levels and vault maps discovered:
D:1:      kennysheep_arrival_forest, layout_basic, minmay_pentomino_t2
D:2:      layout_basic, serial_rivers, chequers_serial_rivers_small_a,
          chequers_serial_rivers_small_b, chequers_serial_rivers_micro_a,
          chequers_serial_rivers_marsh, chequers_serial_rivers_large_a
D:3:      layout_basic, nemelex_spade_bored_becter,
          mainiacjoe_overflow_tiny_flanked
D:4:      nicolae_cairo_tiling_very_big, layout_cave_pools, grunt_qazlal_clouds,
          minmay_misc_feat_x, uniq_edmund, uniq_blork_the_orc

Skill      XL: |  1  2  3  4 |
---------------+-------------+-----
Stealth        | 2 3 |  3.0
Ranged Weapons | 5 |  5.6
Fighting       | |  2.0
Dodging        | |  2.0

Action                     |  1- 3 |  4- 6 || total
---------------------------+-------+-------++-------
  Melee: Dagger            |       |    12 ||    12
   Fire: Shortbow          |    79 |   102 ||   181
    Use: Scroll            |       |     3 ||     3
 Armour: Leather armour    |    26 |    40 ||    66
  Dodge: Dodged            |    21 |    38 ||    59

Table legend: (Time is in decaauts)
 A = Elapsed time spent in this place.
 B = Non-inter-level travel time spent in this place.
 C = Inter-level travel time spent in this place.
 D = Time resting spent in this place.
 E = Time spent auto-exploring this place.
 F = Levels seen in this place.
 G = Mean time per level.
                   A        B        C        D        E       F      G
               +--------+--------+--------+--------+--------+-----+--------+
         Total |   2530 |   2404 |    126 |    225 |   1700 |   4 |  632.5 |
       Dungeon |   2530 |   2404 |    126 |    225 |   1700 |   4 |  632.5 |
               +--------+--------+--------+--------+--------+-----+--------+

Top non-repeatable levels by time:
     D:2: 858 daAuts
     D:3: 845 daAuts
     D:1: 661 daAuts
     D:4: 164 daAuts
